 Dungeon Crawl Stone Soup version 0.30-b1-2-g02819fbbbe (webtiles) character file.

Game seed: 13164662316463087832

1652 Borgoz the Cudgeller (level 9, 0/56 HPs)
             Began as a Gargoyle Berserker on June 16, 2023.
             Was a Believer of Trog.
             Slain by a wight
             ... wielding a +3 mace of freezing
              (3 damage)
             ... on level 6 of the Dungeon.
             The game lasted 00:10:13 (5977 turns).

Borgoz the Cudgeller (Gargoyle Berserker)           Turns: 5977, Time: 00:10:14

Health: 0/56       AC: 17    Str: 23    XL:     9   Next: 0%
Magic:  9/9        EV: 12    Int:  8    God:    Trog [**....]
Gold:   264        SH:  0    Dex: 17    Spells: 8/8 levels left

rFire   . . .        b - +0 flail
rCold   . . .        (no shield)
rNeg    + . .        m - +0 scale mail
rPois   ∞            f - +0 helmet
rElec   +            (no cloak)
rCorr   .            p - +1 pair of gloves
SInv    +            (no boots)
Will    .....        (no amulet) Stlth
                     r - ring of see invisible
HPRegen 0.29/turn    t - +6 ring of dexterity
MPRegen 0.11/turn

%: no passive effects
@: mighty, on berserk cooldown, hasted and slowed
A: sickness immunity, AC +6, negative energy resistance 1, electricity
resistance, torment resistance 1, petrification resistance
a: Renounce Religion, Berserk, Trog's Hand


You were on level 6 of the Dungeon.
You worshipped Trog.
Trog was pleased with you.
You visited 1 branch of the dungeon, and saw 6 of its levels.
You also visited: Sewer.

You collected 264 gold pieces.

Inventory:

Hand Weapons
 a - a +0 morningstar
 b - a +0 flail (weapon)
Missiles
 s - 38 poisoned darts (quivered)
 x - 3 curare-tipped darts
Armour
 f - a +0 helmet (worn)
 m - a +0 scale mail (worn)
 p - a +1 pair of gloves (worn)
Jewellery
 d - a ring of magical power
 l - a ring of ice
 r - a ring of see invisible (left hand)
 t - a +6 ring of dexterity (right hand)
 u - a ring of ice
Wands
 g - a wand of mindburst (6)
 B - a wand of roots (8)
Scrolls
 i - a scroll of blinking
 j - a scroll of enchant armour
 o - a scroll of fear
 v - a scroll of poison
 w - 4 scrolls of noise {unknown}
 y - a scroll of magic mapping {unknown}
 z - a scroll of teleportation
 D - a scroll of immolation {unknown}
Potions
 e - 3 potions of mutation
 h - 2 potions of haste
 k - a potion of attraction
 n - a potion of resistance {unknown}
 q - a potion of might
 A - a potion of cancellation {unknown}
 C - a potion of flight {unknown}


   Skills:
 + Level 6.3 Fighting
 * Level 7.6 Maces & Flails
 + Level 5.7 Armour
 + Level 4.3 Dodging


You had 8 spell levels left.
You didn't know any spells.
Your spell library was empty.

Dungeon Overview and Level Annotations

Branches:
Dungeon (6/15)              Sewer (visited)
 Temple: D:4-7

Altars:
Vehumet

Shops:
D:1 *   D:5 [


Innate Abilities, Weirdness & Mutations

You are immune to sickness and miasma.
Your stone body is resilient. (AC +6)
You are immune to poison.
You resist negative energy. (rN+)
You are resistant to electric shocks. (rElec)
You are resistant to unholy torment.
You are immune to petrification.


Message History

The wight hits you with a +3 mace of freezing.
* * * LOW HITPOINT WARNING * * *
The wight freezes you.
* * * LOW HITPOINT WARNING * * *
There are monsters nearby!
You sock the ufetubus!
You kill the ufetubus!
Trog accepts your kill. The wight misses you.
The wight hits you but does no damage.
You have reached level 9!
Your experience leads to an increase in your attributes!
Your base attributes are Str 23, Int 8, Dex 9.
Increase (S)trength, (I)ntelligence, or (D)exterity?
You feel agile. x2
You barely miss the wight.
The wight is moderately damaged.
The wight misses you. The wight hits you but does no damage.
The wight hits you with a +1 scimitar.
* * * LOW HITPOINT WARNING * * *
The wight barely misses you.
You closely miss the wight.
The wight is moderately damaged.
The wight hits you with a +3 mace of freezing.
* * * LOW HITPOINT WARNING * * *
The wight freezes you.
* * * LOW HITPOINT WARNING * * *
The wight hits you but does no damage.
It was a potion of haste.
You feel yourself speed up.
Your skin stops crawling.
You feel less strong-willed.
The wight hits you with a +3 mace of freezing.
* * * LOW HITPOINT WARNING * * *
The wight freezes you.
* * * LOW HITPOINT WARNING * * *
The wight hits you with a +1 scimitar.
* * * LOW HITPOINT WARNING * * *
The wight hits you but does no damage. The wight barely misses you.
Okay, then.
The wight attacks as you move away!
The wight hits you with a +3 mace of freezing.
You die...

###.........# #
###...........#.###
#....##......<....#
###.............#.....
.........##.....## ...
.................# #
...........##...##
.......$.....#.##
.......@.........
......)zz........[
.).................
...##.............. $.
.......<..... .
..............
..##..#....##. ...
..##....#


You could see 2 wights.

Vanquished Creatures
  2 black bears (D:5)
  An ogre (D:4)
  2 phantoms (D:5)
  9 kobold brigands (Sewer)
  A scorpion (D:4)
  3 wights (D:6)
  A jelly (D:5)
  An orc priest (D:5)
  A hound (D:6)
  An iguana (D:5)
  Robin (D:3)
  7 gnolls (D:3)
  2 river rats (Sewer)
  5 adders
  A white imp (D:5)
  An ufetubus (D:6)
  4 worms
  10 orcs
  6 endoplasms
  5 giant cockroaches
  11 goblins
  19 hobgoblins
  3 jackals (D:4)
  12 kobolds
  7 quokkas
  12 ball pythons
  5 bats
  3 frilled lizards
  7 rats
143 creatures vanquished.

Vanquished Creatures (others)
  A plant (D:4)
1 creature vanquished.

Grand Total: 144 creatures vanquished

Notes
Turn   | Place    | Note
-------+----------+-------------------------------------------
     0 | D:1      | Borgoz the Gargoyle Berserker began the quest for the Orb.
     0 | D:1      | Reached XP level 1. HP: 14/14 MP: 1/1
   506 | D:1      | Reached XP level 2. HP: 12/19 MP: 2/2
   626 | D:1      | Found Tileado's General Store.
  1109 | D:2      | Reached XP level 3. HP: 23/23 MP: 3/3
  1857 | D:3      | Reached XP level 4. HP: 29/29 MP: 4/4
  1868 | D:3      | Reached skill level 4 in Maces & Flails
  1934 | D:3      | Reached ** piety under Trog
  2236 | D:3      | Noticed Robin
  2251 | D:3      | Reached XP level 5. HP: 24/33 MP: 5/5
  2264 | D:3      | Killed Robin
  2903 | D:4      | Noticed an ogre
  2910 | D:4      | Killed an ogre
  2911 | D:4      | Reached XP level 6. HP: 39/39 MP: 6/6
  3165 | D:4      | Reached skill level 5 in Maces & Flails
  3387 | D:4      | Identified the +1 short sword "Ahuihymi" {freeze, Int+3}
  3477 | D:4      | Found a radiant altar of Vehumet.
  3685 | D:5      | Entered Level 5 of the Dungeon
  3726 | D:5      | Noticed a black bear
  3740 | D:5      | Killed a black bear
  3741 | D:5      | Reached XP level 7. HP: 31/44 MP: 7/7
  3945 | D:5      | Found a glowing drain.
  3996 | D:5      | Reached skill level 5 in Fighting
  4032 | Sewer    | Entered a sewer
  4220 | Sewer    | Reached skill level 6 in Maces & Flails
  4467 | Sewer    | Reached XP level 8. HP: 47/50 MP: 8/8
  4520 | Sewer    | Reached *** piety under Trog
  4657 | Sewer    | Reached skill level 5 in Armour
  4822 | Sewer    | Reached skill level 7 in Maces & Flails
  5120 | D:5      | Found Mucviot's Armour Shoppe.
  5966 | D:6      | HP: 2/52 [ufetubus (3)]
  5974 | D:6      | Reached XP level 9. HP: 16/56 MP: 9/9
  5977 | D:6      | Slain by a wight

Illustrated notes

Levels and vault maps discovered:
D:1:      saegor_arrival_fortress, layout_loops_ring, serial_shops, shop
D:2:      layout_basic
D:3:      layout_loops_corners, chequers_decorated_corner, uniq_robin
D:4:      layout_basic, vehumet_crystals, serial_glass, glass_columns_b,
          glass_columns_a, serial_bayou_pond_d,
          nicolae_concentric_dashed_squares_mild, st_stairs_2
D:5:      layout_layer_cave, serial_shops, shop, portal_sewer_entry_f,
          minmay_misc_feat_cross, serial_bayou_pond_c
D:6:      layout_cave_pools, led_sif_pool

Skill      XL: |  1  2  3  4  5  6  7  8 |
---------------+-------------------------+-----
Dodging        | 2 3 4 |  4.3
Maces & Flails | 4 5 6 7 |  7.6
Armour         | 3 4 5 |  5.7
Fighting       | 4 5 6 |  6.3

Action                     |  1- 3 |  4- 6 |  7- 9 || total
---------------------------+-------+-------+-------++-------
  Melee: Mace              |   112 |     9 |       ||   121
         Punch             |     1 |     2 |     6 ||     9
         Flail             |       |   153 |   296 ||   449
         Morningstar       |       |    17 |       ||    17
  Throw: Throwing net      |       |     1 |       ||     1
 Invoke: Berserk           |     3 |     2 |     4 ||     9
         Trog's Hand       |       |     1 |     1 ||     2
    Use: Scroll            |     1 |    11 |       ||    12
         Potion            |       |       |     6 ||     6
   Stab: Held in net/web   |       |     1 |       ||     1
 Armour: Animal skin       |    46 |       |       ||    46
         Scale mail        |     9 |   105 |   162 ||   276
  Dodge: Dodged            |    69 |   104 |   201 ||   374
